 Dungeon Crawl Stone Soup version 0.30.0-10-gfe55d96785 (webtiles) character file.

Game seed: 15881201264097575508

1498 booth the Conjurer (level 8, 0/60 HPs)
             Began as a Demonspawn Reaver on May 13, 2023.
             Was a Priest of Wu Jian.
             Succumbed to a scorpion's poison
             ... on level 6 of the Dungeon.
             The game lasted 00:30:21 (4821 turns).

booth the Conjurer (Demonspawn Reaver)              Turns: 4821, Time: 00:30:21

Health: 0/60       AC:  9    Str: 14    XL:     8   Next: 52%
Magic:  0/13       EV: 12    Int: 14    God:    Wu Jian [***...]
Gold:   336        SH:  0    Dex: 15    Spells: 8/14 levels left

rFire   . . .        a - +0 hand axe
rCold   . . .        (no shield)
rNeg    . . .        b - +1 leather armour
rPois   .            (helmet restricted)
rElec   +            (no cloak)
rCorr   .            d - +0 pair of gloves
SInv    .            f - +1 pair of boots
Will    .....        i - amulet of guardian spirit
Stlth   +            e - +4 ring of slaying
HPRegen 0.30/turn    (no ring)
MPRegen 0.26/turn

%: clarity, guardian spirit
@: lethally poisoned (0 -> -5)
A: icy blue scales 1, ignite blood 2, magic regeneration, weakness stinger 2,
horns 1, agile 1, clarity, electricity resistance
a: Renounce Religion, Wall Jump, Serpent's Lash


You were on level 6 of the Dungeon.
You worshipped Wu Jian.
Wu Jian was most pleased with you.
You visited 1 branch of the dungeon, and saw 6 of its levels.

You collected 336 gold pieces.

Inventory:

Hand Weapons
 a - a +0 hand axe (weapon)
 h - a +0 mace
Missiles
 g - 2 atropa-tipped darts
 m - 2 datura-tipped darts
 q - 4 boomerangs (quivered)
Armour
 b - a +1 leather armour (worn)
 c - a +2 ring mail of willpower
 d - a +0 pair of gloves (worn)
 f - a +1 pair of boots (worn)
Jewellery
 e - a +4 ring of slaying (left hand)
 i - an amulet of guardian spirit (around neck)
 o - an amulet of regeneration
 v - a ring of flight
Wands
 l - a wand of iceblast (22)
 s - a wand of quicksilver (6)
 u - a wand of flame (4)
Scrolls
 n - a scroll of immolation {unknown}
 p - a scroll of fear
 w - a scroll of amnesia
Potions
 j - a potion of curing
 k - 2 potions of lignification
 r - a potion of magic
 t - a potion of resistance {unknown}


   Skills:
 + Level 4.1 Fighting
 * Level 5.5(5.7) Axes
 + Level 2.0(4.0) Maces & Flails
 + Level 2.1 Armour
 - Level 2.9 Dodging
 + Level 3.9 Spellcasting
 * Level 6.2 Conjurations
 + Level 2.3 Necromancy


You had 8 spell levels left.
You knew the following spells:

 Your Spells              Type           Power      Damage    Failure   Level
a - Kiss of Death         Conj/Necr      56%        2d9       4%          1
b - Momentum Strike       Conj/Tloc      22%        3d8       10%         2
c - Hailstorm             Conj/Ice       11%        3d5       21%         3

Your spell library contained the following spells:

 Spells                   Type           Power      Damage    Failure   Level
 Necrotise                Necr           36%        1d5       10%         1
 Vampiric Draining        Necr           9%         2d6       28%         3
 Agony                    Necr           9%         N/A       95%         5


Dungeon Overview and Level Annotations

Branches:
Dungeon (6/15)             Temple (0/1) D:4

Altars:
Hepliaklqana
Wu Jian
Xom
Yredelemnul


Innate Abilities, Weirdness & Mutations

You are partially covered in icy blue scales. (AC +2)
Your demonic aura often causes spilled blood to erupt in flames.
You regenerate magic rapidly.
You have a tail ending in a sharp stinger.
You have a pair of small horns on your head.
You are agile. (Dex +4, Str/Int -1)
You possess an exceptional clarity of mind.
You are resistant to electric shocks. (rElec)


Message History

You kill the gnoll!
The Council accepts your kill.
You spin and attack the gnoll sergeant.
You hit the gnoll sergeant but do no damage.
Your headbutt misses the gnoll sergeant.
The gnoll sergeant is lightly wounded.
You spin and attack the scorpion.
You closely miss the scorpion.
You headbutt the scorpion, but do no damage.
The scorpion is lightly wounded.
You feel very sick. The gnoll hits you with a +0 flail!
The gnoll sergeant closely misses you. The scorpion stings you.
Your base Maces & Flails skill increases to level 2!
You spin and attack the gnoll sergeant.
You hit the gnoll sergeant.
The gnoll sergeant is moderately wounded.
You spin and attack the scorpion.
You slash the scorpion!
The scorpion is heavily wounded.
You feel very sick.
The gnoll sergeant hits you with a +0 trident.
The scorpion stings you.
You spin and attack the gnoll sergeant.
You hit the gnoll sergeant but do no damage.
Your punch misses the gnoll sergeant.
The gnoll sergeant is moderately wounded.
You spin and attack the scorpion.
You hit the scorpion. You headbutt the scorpion.
The scorpion is almost dead.
You feel sick.
The gnoll sergeant hits you with a +0 trident.
The scorpion closely misses you. The scorpion attacks as you move away!
The scorpion stings you.
The gnoll sergeant attacks as you move away!
The gnoll sergeant hits you with a +0 trident!
* * * LOW HITPOINT WARNING * * *
You feel sick.
The gnoll sergeant hits you from afar with a +0 trident!
* * * LOW HITPOINT WARNING * * *
The scorpion attacks as you move away!
The scorpion stings you but does no damage.
You die...

#...#.... #....
...#..# ##. #....
##.....# ....
#...#.
#####...#).##..#
#..##.
##..#....#g.....#
#.. #.
#........g○g....##
... ..
##.....#..s......#
... .#
#.##..###○......#
##.....##@......#
##...#......>...#
##....#.#......#.#
#...#...##.....#..
#...##..#........
##..#...#.........
#................
##...............
#.#.......


You could see a gnoll sergeant, a scorpion and 2 gnolls.

Vanquished Creatures
  Pikel (D:5)
  Menkaure (D:4)
  A water moccasin (D:6)
  A sky beast (D:6)
  2 ogres
  A phantom (D:4)
  A scorpion (D:4)
  A bullfrog (D:6)
  A howler monkey (D:5)
  An orc priest (D:4)
  2 iguanas (D:6)
  2 orc wizards
  A gnoll (D:6)
  5 adders
  A white imp (D:3)
  4 dart slugs
  18 orcs
  9 endoplasms
  5 giant cockroaches
  4 goblins
  4 hobgoblins
  4 jackals (D:2)
  4 kobolds
  5 quokkas
  11 ball pythons
  3 bats (D:1)
  2 frilled lizards
  4 rats
99 creatures vanquished.

Notes
Turn   | Place    | Note
-------+----------+-------------------------------------------
     0 | D:1      | booth the Demonspawn Reaver began the quest for the Orb.
     0 | D:1      | Reached XP level 1. HP: 16/16 MP: 3/3
   160 | D:1      | Found a faded altar of an unknown god.
   180 | D:1      | Prayed at the altar of an unknown god.
   180 | D:1      | Became a worshipper of the Wu Jian Council
   180 | D:1      | Reached * piety under Wu Jian
   213 | D:1      | Gained mutation: You have a small tail. [demonic ancestry]
   213 | D:1      | Reached XP level 2. HP: 14/22 MP: 5/5
   900 | D:2      | Gained mutation: You are partially covered in icy blue
                  | scales. (AC +2) [demonic ancestry]
   900 | D:2      | Reached XP level 3. HP: 27/27 MP: 6/6
  1201 | D:2      | Found a shimmering altar of Xom.
  1238 | D:2      | Reached ** piety under Wu Jian
  1294 | D:2      | Gained mutation: You occasionally lose the ability to read
                  | scrolls when taking damage. [potion of mutation]
  1294 | D:2      | Gained mutation: You are partially covered in large bone
                  | plates. (SH +4) [potion of mutation]
  1295 | D:2      | Lost mutation: You are partially covered in large bone
                  | plates. (SH +4) [potion of mutation]
  1295 | D:2      | Lost mutation: You occasionally lose the ability to read
                  | scrolls when taking damage. [potion of mutation]
  1295 | D:2      | Gained mutation: Your body sometimes deteriorates upon
                  | taking damage. [potion of mutation]
  1295 | D:2      | Gained mutation: Potions are less effective at restoring
                  | your health. [potion of mutation]
  1295 | D:2      | Gained mutation: You are resistant to electric shocks.
                  | (rElec) [potion of mutation]
  1295 | D:2      | Gained mutation: You are agile. (Dex +4, Str/Int -1)
                  | [potion of mutation]
  1781 | D:3      | Gained mutation: You have a tail ending in a sharp stinger.
                  | [demonic ancestry]
  1781 | D:3      | Reached XP level 4. HP: 31/33 MP: 5/7
  2276 | D:3      | Noticed an ogre
  2288 | D:3      | Killed an ogre
  2289 | D:3      | Reached skill level 4 in Conjurations
  2289 | D:3      | Gained mutation: Your demonic aura sometimes causes spilled
                  | blood to erupt in flames. [demonic ancestry]
  2289 | D:3      | Reached XP level 5. HP: 25/39 MP: 4/9
  2428 | D:3      | Learned a level 2 spell: Momentum Strike
  2432 | D:3      | Learned a level 3 spell: Hailstorm
  2718 | D:4      | Noticed Menkaure
  2750 | D:4      | Killed Menkaure
  2751 | D:4      | Gained mutation: You regenerate magic rapidly. [demonic
                  | ancestry]
  2751 | D:4      | Reached XP level 6. HP: 9/46 MP: 2/10
  3156 | D:4      | Found a staircase to the Ecumenical Temple.
  3495 | D:5      | Entered Level 5 of the Dungeon
  3503 | D:5      | Reached skill level 5 in Conjurations
  3503 | D:5      | Reached XP level 7. HP: 52/52 MP: 11/11
  4113 | D:5      | Noticed Pikel
  4141 | D:5      | Killed Pikel
  4141 | D:5      | Reached *** piety under Wu Jian
  4142 | D:5      | Reached skill level 5 in Axes
  4142 | D:5      | Reached skill level 1 in Maces & Flails
  4142 | D:5      | Reached skill level 1 in Armour
  4142 | D:5      | Reached skill level 1 in Necromancy
  4142 | D:5      | Gained mutation: Your demonic aura often causes spilled
                  | blood to erupt in flames. [demonic ancestry]
  4142 | D:5      | Reached XP level 8. HP: 14/60 MP: 3/13
  4507 | D:6      | Found a hazy altar of Hepliaklqana.
  4543 | D:6      | Found a basalt altar of Yredelemnul.
  4639 | D:6      | Reached skill level 6 in Conjurations
  4762 | D:6      | Lost mutation: Your body sometimes deteriorates upon taking
                  | damage. [potion of mutation]
  4762 | D:6      | Lost mutation: Potions are less effective at restoring your
                  | health. [potion of mutation]
  4762 | D:6      | Gained mutation: You have a pair of small horns on your
                  | head. [potion of mutation]
  4762 | D:6      | Gained mutation: You possess an exceptional clarity of
                  | mind. [potion of mutation]
  4820 | D:6      | HP: 1/60 [gnoll sergeant/+0 trident (9)]
  4821 | D:6      | Succumbed to a scorpion's poison

Illustrated notes

Levels and vault maps discovered:
D:1:      saegor_arrival_simple_c, layout_basic,
          ebering_ecumenical_altar_petrified, minmay_misc_feat_tiny
D:2:      layout_rooms, basic_altar
D:3:      layout_loops_corners, minmay_misc_feat_room
D:4:      layout_basic, minmay_temple_entry_crystal_x, uniq_menkaure
D:5:      layout_loops_ring, uniq_pikel
D:6:      layout_cave_pools, mainiacjoe_overflow_two_lobes

Skill      XL: |  1  2  3  4  5  6  7  8 |
---------------+-------------------------+-----
Axes           | 3 4 5 |  5.5
Dodging        | 2 |  2.9
Conjurations   | 4 5 6 |  6.2
Spellcasting   | 3 |  3.9
Fighting       | 3 4 |  4.1
Maces & Flails | 1 2 |  2.0
Armour         | 1 2 |  2.1
Necromancy     | 1 2 |  2.3

Action                     |  1- 3 |  4- 6 |  7- 9 || total
---------------------------+-------+-------+-------++-------
  Melee: Hand axe          |   120 |   101 |    77 ||   298
         Punch             |     1 |     1 |     2 ||     4
         Tailslap          |    10 |    14 |    17 ||    41
         Headbutt          |       |       |     3 ||     3
  Throw: Dart              |       |       |     2 ||     2
         Boomerang         |       |       |     1 ||     1
   Cast: Kiss of Death     |       |       |     1 ||     1
Ability: Lunge             |    19 |    20 |    16 ||    55
         Whirlwind         |    17 |    26 |    26 ||    69
    Use: Scroll            |     3 |     7 |     1 ||    11
         Potion            |     2 |     2 |     2 ||     6
   Stab: Sleeping          |     1 |       |       ||     1
 Armour: Leather armour    |    37 |    32 |    14 ||    83
  Dodge: Dodged            |    65 |    40 |    33 ||   138
